[Event "November 21 Late 2023"]
[Site "https://www.chess.com"]
[Date "2023.11.21"]
[Round "9"]
[White "Cooper, Aaron"]
[Black "Kovacsy, Barnabas"]
[Result "1-0"]
[Board "86"]
[TimeControl "180+1"]
[WhiteFideId "2634945"]
[BlackFideId "769290"]
[WhiteElo "2331"]
[BlackElo "2130"]
[WhiteTeam "CAN"]
[BlackTeam "HUN"]
[WhiteClock "0:00:08"]
[BlackClock "0:00:06"]

1. e4 c5 2. Nf3 e6 3. d4 cxd4 4. Nxd4 Nc6 5. Nc3 Qc7 6. Be3 a6 7. Bd3 Nf6 8. O-O Ne5 9. h3 Bc5 10. f4 d6 11. Be2 O-O 12. Qd2 Ng6 13. Rad1 b5 14. a3 Bb7 15. Bd3 Rac8 16. Qf2 Rfd8 17. f5 exf5 18. Nxf5 Bxe3 19. Qxe3 Qc5 20. Rfe1 Qxe3+ 21. Rxe3 d5 22. e5 Nd7 23. e6 fxe6 24. Rxe6 Nc5 25. Ne7+ Nxe7 26. Rxe7 Bc6 27. Bf5 Re8 28. Rde1 Rxe7 29. Rxe7 Rf8 30. g4 d4 31. Ne2 g6 32. Be6+ Nxe6 33. Rxe6 Bd5 34. Rd6 Bc4 35. Nxd4 Rf1+ 36. Kg2 Rb1 37. b3 Bf7 38. Rd8+ Kg7 39. Rd7 Kf6 40. Ra7 Rd1 41. Rxa6+ Ke5 42. Nxb5 Rd2+ 43. Kg3 Bd5 44. Nc7 Bb7 45. Rb6 Rg2+ 46. Kh4 Be4 47. Kg5 Rxc2 48. Re6+ Kd4 49. Nb5+ Kd3 50. Nd6 Bd5 51. Re7 Rh2 52. Rxh7 Bxb3 53. Kxg6 Kd4 54. Nf5+ Ke5 55. h4 Rg2 56. Re7+ Kd5 57. Kg5 Bc2 58. Ne3+ Kd4 59. Nxg2 Kc5 60. h5 Kb6 61. h6 Ka5 62. h7 Ka6 63. h8=Q Bb3 64. Qb8 Bd5 65. Ra7# 1-0

[Event "November 21 Late 2023"]
[Site "https://www.chess.com"]
[Date "2023.11.21"]
[Round "9"]
[White "FuenfgegenWilly"]
[Black "Shapiro, Daniel"]
[Result "1-0"]
[Board "87"]
[TimeControl "180+1"]
[BlackFideId "2001780"]
[WhiteElo "2468"]
[BlackElo "2324"]
[BlackTeam "USA"]
[WhiteClock "0:01:02"]
[BlackClock "0:00:00"]

1. Nf3 Nf6 2. b3 d6 3. Bb2 e5 4. c4 Be7 5. g3 O-O 6. Bg2 Re8 7. O-O Bf8 8. Nc3 c6 9. d4 e4 10. Nd2 d5 11. Re1 e3 12. fxe3 Ng4 13. e4 Ne3 14. Qc1 Nxg2 15. Kxg2 dxc4 16. e3 cxb3 17. axb3 Nd7 18. Rf1 Nf6 19. e5 Nd5 20. Nxd5 Qxd5+ 21. e4 Qe6 22. Qc4 Qh3+ 23. Kg1 Be6 24. d5 cxd5 25. exd5 Rac8 26. Qe4 Bg4 27. Nf3 Bf5 28. Qf4 Rc2 29. Rf2 Rec8 30. Ng5 Qg4 31. Qxf5 Qxf5 32. Rxf5 Rxb2 33. d6 Rcc2 34. Nf3 f6 35. d7 Bc5+ 36. Kh1 Be7 37. exf6 gxf6 38. Rd1 Bd8 39. Rh5 Rxb3 40. Nd4 Rbc3 41. Nxc2 Rxc2 42. Re1 1-0

[Event "November 21 Late 2023"]
[Site "https://www.chess.com"]
[Date "2023.11.21"]
[Round "9"]
[White "rikchessmx"]
[Black "topce"]
[Result "0-1"]
[Board "88"]
[TimeControl "180+1"]
[WhiteElo "2303"]
[BlackElo "2439"]
[WhiteClock "0:00:00"]
[BlackClock "0:01:06"]

1. e4 c5 2. Nf3 Nc6 3. d4 cxd4 4. Nxd4 e5 5. Nxc6 bxc6 6. Bc4 Nf6 7. Qf3 d5 8. exd5 cxd5 9. Bb5+ Bd7 10. Bxd7+ Qxd7 11. O-O e4 12. Qb3 Bc5 13. Bg5 Ng4 14. Bh4 O-O 15. Nc3 Rab8 16. Qxd5 Qxd5 17. Nxd5 Rxb2 18. h3 Ne5 19. Bg3 Nc4 20. Rfc1 f5 21. Bf4 h6 22. h4 Rd8 0-1

[Event "November 21 Late 2023"]
[Site "https://www.chess.com"]
[Date "2023.11.21"]
[Round "9"]
[White "Jimenez Ruano, Adrian"]
[Black "Vemparala, Nikash"]
[Result "0-1"]
[Board "89"]
[TimeControl "180+1"]
[WhiteFideId "22276050"]
[BlackFideId "30960967"]
[WhiteElo "2215"]
[BlackElo "2069"]
[WhiteTeam "ESP"]
[BlackTeam "USA"]
[WhiteClock "0:00:03"]
[BlackClock "0:00:11"]

1. Nf3 d5 2. b3 Nd7 3. Bb2 c5 4. e3 Ngf6 5. c4 e6 6. Be2 Be7 7. O-O O-O 8. Nc3 b6 9. cxd5 exd5 10. d4 Bb7 11. Rc1 Ne4 12. Nxe4 dxe4 13. Nd2 Nf6 14. Qc2 Rc8 15. Qb1 Qd7 16. Rfd1 Rfd8 17. dxc5 Bxc5 18. Nxe4 Bxe4 19. Rxd7 Bxb1 20. Rxd8+ Rxd8 21. Rxb1 Rd2 22. Bf3 Nd5 23. Kf1 Nb4 24. Ke1 Rxb2 25. Rxb2 Nd3+ 26. Kd2 Nxb2 27. Kc3 Ba3 28. b4 b5 29. Bc6 a6 30. Bb7 Nc4 31. Bxa6 Nd6 32. Kb3 Bc1 33. a4 bxa4+ 34. Kxa4 Kf8 35. b5 Ke7 36. b6 Kd7 37. e4 Nxe4 38. Kb5 Nd6+ 39. Kc5 Ba3+ 40. Kd5 f6 41. f3 Bb4 42. h3 Ba5 43. b7 Bc7 44. f4 Bb8 45. g4 Ne8 46. Bb5+ Ke7 47. f5 Nc7+ 48. Kc6 Nxb5 49. Kxb5 Kd6 50. Kb6 Kd7 51. Kb5 Kc7 52. Ka6 Kc6 53. h4 h6 54. h5 Kc7 55. Kb5 Kxb7 56. Kc5 Kc7 57. Kd5 Kd7 58. Kc5 Bf4 59. Kd5 Bg5 60. Kc5 Kc7 61. Kd5 Kd7 62. Kc5 Bf4 63. Kd5 Bd6 64. Kc4 Kc6 65. Kd4 Be5+ 66. Kc4 Kd6 67. Kd3 Kd5 68. Ke3 Bd4+ 69. Kf4 Bc5 70. g5 fxg5+ 71. Kg4 Ke5 0-1

[Event "November 21 Late 2023"]
[Site "https://www.chess.com"]
[Date "2023.11.21"]
[Round "9"]
[White "Swicarz, Maciej"]
[Black "Curtis, John"]
[Result "0-1"]
[Board "90"]
[TimeControl "180+1"]
[WhiteFideId "1113585"]
[BlackFideId "3200256"]
[WhiteElo "2127"]
[BlackElo "2203"]
[WhiteTeam "POL"]
[BlackTeam "AUS"]
[WhiteClock "0:00:00"]
[BlackClock "0:00:13"]

1. e4 c5 2. Nc3 d6 3. d4 cxd4 4. Qxd4 Bd7 5. b3 Nf6 6. Bb2 Nc6 7. Qd2 e5 8. O-O-O a6 9. f3 Be6 10. g4 h6 11. h4 Be7 12. Kb1 b5 13. Nge2 b4 14. Na4 Nd7 15. Nc1 Nb6 16. Nxb6 Qxb6 17. Bd3 O-O-O 18. c4 g5 19. h5 Na5 20. Bc2 Nb7 21. Nd3 a5 22. a3 bxa3 23. Bxa3 Nc5 24. Ka2 Kc7 25. Qc3 f6 26. Nb2 Bd7 27. Rd2 Bc6 28. Rhd1 Rd7 29. Bxc5 dxc5 30. Rxd7+ Bxd7 31. Rd5 Bc6 32. Nd3 Ra8 33. Nb2 Qb4 34. Qd3 a4 35. Nxa4 Bxa4 36. bxa4 Rd8 37. Rxd8 Bxd8 38. Qd5 Be7 39. Qf7 Kd6 40. Qd5+ Kc7 41. Bb3 Qc3 42. Qe6 Qd2+ 43. Kb1 Bd6 0-1

[Event "November 21 Late 2023"]
[Site "https://www.chess.com"]
[Date "2023.11.21"]
[Round "9"]
[White "Martins, Vinicius Tine"]
[Black "kinghunter183"]
[Result "1-0"]
[Board "91"]
[TimeControl "180+1"]
[WhiteFideId "2112884"]
[WhiteElo "2373"]
[BlackElo "2182"]
[WhiteTeam "BRA"]
[WhiteClock "0:00:38"]
[BlackClock "0:00:00"]

1. d4 e5 2. dxe5 Nc6 3. Nf3 Nge7 4. Bd2 Ng6 5. Bc3 Qe7 6. g3 Ngxe5 7. Bg2 d6 8. O-O Nxf3+ 9. Bxf3 Bh3 10. Re1 O-O-O 11. Bd5 Ne5 12. Qd4 c6 13. Bh1 Kb8 14. Nd2 Qc7 15. Nf3 Be7 16. Nxe5 dxe5 17. Qxe5 Bd6 18. Qh5 Be6 19. Rad1 f6 20. Rd2 Bf7 21. Qg4 Bg6 22. Red1 Be7 23. Rd7 Rxd7 24. Rxd7 Qc8 25. Qf4+ Ka8 26. Rxe7 Qd8 27. Qc7 Qd1+ 28. Kg2 Qd5+ 29. f3 Rb8 30. Kf2 Qc5+ 31. Re3 Re8 32. Qf4 1-0

[Event "November 21 Late 2023"]
[Site "https://www.chess.com"]
[Date "2023.11.21"]
[Round "9"]
[White "Herman, Matthew"]
[Black "Feliz Dotel, Dewar Bienvenido"]
[Result "1-0"]
[Board "92"]
[TimeControl "180+1"]
[WhiteFideId "2028964"]
[BlackFideId "6402801"]
[WhiteElo "2368"]
[BlackElo "2069"]
[WhiteTeam "USA"]
[BlackTeam "DOM"]
[WhiteClock "0:00:55"]
[BlackClock "0:00:00"]

1. e4 e5 2. Nf3 Nc6 3. Bb5 Nf6 4. d3 Ne7 5. c3 c6 6. Ba4 Ng6 7. Nbd2 Be7 8. d4 d6 9. h3 O-O 10. Bc2 Qc7 11. O-O b5 12. a4 Be6 13. axb5 cxb5 14. Re1 Rfc8 15. Bd3 Bc4 16. Nxc4 bxc4 17. Bf1 Rd8 18. d5 Nd7 19. Be3 Nf4 20. g3 Ng6 21. Nd2 Rdb8 22. Nxc4 h6 23. h4 Nb6 24. Na5 Nd7 25. Nc6 Re8 26. b4 Bf8 27. Ra6 Nb6 28. Qa1 Ne7 29. Bxb6 Qb7 30. Be3 f5 31. exf5 Nxf5 32. Qb1 Nxe3 33. Rxe3 1-0

[Event "November 21 Late 2023"]
[Site "https://www.chess.com"]
[Date "2023.11.21"]
[Round "9"]
[White "Maect19"]
[Black "Melikhov, Evgeny V."]
[Result "1-0"]
[Board "93"]
[TimeControl "180+1"]
[BlackFideId "4122046"]
[WhiteElo "2336"]
[BlackElo "2165"]
[BlackTeam "GRE"]
[WhiteClock "0:00:24"]
[BlackClock "0:00:03"]

1. d4 Nf6 2. Nf3 d5 3. e3 c5 4. Bd3 cxd4 5. exd4 Nc6 6. c3 Bg4 7. O-O e6 8. Bf4 Bd6 9. Bxd6 Qxd6 10. Nbd2 O-O 11. h3 Bxf3 12. Qxf3 a6 13. Rfe1 b5 14. a3 Na5 15. b4 Nc4 16. Nxc4 bxc4 17. Bc2 a5 18. b5 a4 19. Reb1 Rfb8 20. Qd1 Ra5 21. Bxa4 Ne4 22. Qc2 Nxc3 23. Qxc3 Rxa4 24. Rb2 h6 25. Kf1 Qh2 26. Ke2 Qxg2 27. Qf3 Qxf3+ 28. Kxf3 Rb6 29. Ke3 Kf8 30. Kd2 Ke7 31. Kc3 Kd6 32. Rb4 Ra5 33. a4 f6 34. f4 e5 35. fxe5+ fxe5 36. Rg1 g5 37. Rf1 e4 38. Rf6+ Kc7 39. Rf7+ Kc8 40. Rf5 Rd6 41. b6 Rd7 42. b7+ Rxb7 43. Rf8+ Kd7 44. Rxb7+ Kc6 45. Rb4 Kd6 46. Rf6+ Ke7 47. Rxh6 Ra8 48. Rb7+ 1-0

[Event "November 21 Late 2023"]
[Site "https://www.chess.com"]
[Date "2023.11.21"]
[Round "9"]
[White "Rose, Felix"]
[Black "Buchenau, Frank"]
[Result "1-0"]
[Board "94"]
[TimeControl "180+1"]
[WhiteFideId "5105722"]
[BlackFideId "4604350"]
[WhiteElo "2039"]
[BlackElo "2157"]
[WhiteTeam "MEX"]
[BlackTeam "GER"]
[WhiteClock "0:01:41"]
[BlackClock "0:00:46"]

1. e4 e6 2. d4 d5 3. Nc3 Nf6 4. e5 Nfd7 5. f4 c5 6. Nf3 Nc6 7. Be3 a6 8. Qd2 b5 9. dxc5 Bxc5 10. Ne2 Qb6 11. Bxc5 Nxc5 12. Ned4 Bd7 13. O-O-O Ne4 14. Qe3 O-O 15. Bd3 Nxd4 16. Nxd4 Bc6 17. Rhe1 Bb7 18. Kb1 b4 19. g4 a5 20. f5 exf5 21. gxf5 a4 22. f6 Nc3+ 23. Ka1 Nxd1 24. Qg5 g6 25. Qh6 1-0

[Event "November 21 Late 2023"]
[Site "https://www.chess.com"]
[Date "2023.11.21"]
[Round "9"]
[White "Harish, Neeraj"]
[Black "Zakarian, David"]
[Result "1/2-1/2"]
[Board "95"]
[TimeControl "180+1"]
[WhiteFideId "30958130"]
[BlackFideId "13301276"]
[WhiteElo "1866"]
[BlackElo "2286"]
[WhiteTeam "USA"]
[BlackTeam "ARM"]
[WhiteClock "0:00:40"]
[BlackClock "0:00:18"]

1. e4 Nc6 2. Nf3 d6 3. d4 Nf6 4. Nc3 Bg4 5. Be2 e6 6. h3 Bh5 7. Be3 d5 8. e5 Nd7 9. Qd2 Be7 10. O-O-O Bg6 11. Ne1 a6 12. f4 h5 13. g4 hxg4 14. Bxg4 Bb4 15. Rf1 Ne7 16. a3 Bxc3 17. Qxc3 Nf5 18. Bg1 Nb6 19. Nd3 Na4 20. Qb3 b5 21. Nc5 Nxc5 22. dxc5 c6 23. Bf2 Qa5 24. Be1 Qc7 25. Qc3 a5 26. Rg1 Ke7 27. Bxf5 Bxf5 28. Rxg7 Rxh3 29. Qd2 b4 30. Qg2 Rah8 31. Qg5+ Kf8 32. axb4 axb4 33. Bxb4 R3h5 34. Rg8+ Rxg8 35. Qxh5 Qa7 36. Qh6+ Ke8 37. Ba3 Qa4 38. Qh2 Qc4 39. Qd2 Qa2 40. Qb4 Rg2 41. Qb8+ Ke7 42. Qd6+ Ke8 43. Qb8+ Ke7 44. Qd6+ Ke8 45. Qb8+ 1/2-1/2

[Event "November 21 Late 2023"]
[Site "https://www.chess.com"]
[Date "2023.11.21"]
[Round "9"]
[White "Su, Dion"]
[Black "Vila Dupla, Aurelio"]
[Result "1-0"]
[Board "96"]
[TimeControl "180+1"]
[WhiteFideId "2029731"]
[BlackFideId "2203383"]
[WhiteElo "2380"]
[BlackElo "2009"]
[WhiteTeam "USA"]
[BlackTeam "ESP"]
[WhiteClock "0:01:34"]
[BlackClock "0:00:12"]

1. e4 c5 2. Nf3 d6 3. d4 cxd4 4. Nxd4 Nf6 5. Nc3 g6 6. Be3 Bg7 7. f3 Nc6 8. Qd2 O-O 9. Bc4 Bd7 10. O-O-O Qa5 11. Nb3 Qc7 12. h4 Ne5 13. Be2 h5 14. Kb1 Rfc8 15. f4 Neg4 16. Bd4 Be6 17. f5 Bxb3 18. axb3 Nxe4 19. Nxe4 Bxd4 20. fxg6 fxg6 21. Bc4+ Qxc4 22. bxc4 Rxc4 23. c3 d5 24. Ng5 1-0

[Event "November 21 Late 2023"]
[Site "https://www.chess.com"]
[Date "2023.11.21"]
[Round "9"]
[White "Tsiolakidis, Anastasios"]
[Black "SergioMoralesG"]
[Result "0-1"]
[Board "97"]
[TimeControl "180+1"]
[WhiteFideId "4201477"]
[WhiteElo "2275"]
[BlackElo "2343"]
[WhiteTeam "GRE"]
[WhiteClock "0:02:19"]
[BlackClock "0:00:18"]

1. e4 c5 2. Nf3 e6 3. d4 cxd4 4. Nxd4 Nc6 5. Nc3 Qc7 6. Bg5 a6 7. Qd2 Bb4 8. Bf4 e5 9. Nxc6 bxc6 10. Bg3 Nf6 11. Bd3 O-O 12. a3 Bc5 13. O-O-O Rb8 14. Bc4 d6 15. f4 Ng4 16. Rhe1 Qa5 17. Nb1 Qb6 18. fxe5 Qxb2# 0-1

[Event "November 21 Late 2023"]
[Site "https://www.chess.com"]
[Date "2023.11.21"]
[Round "9"]
[White "Jarocka, Liwia"]
[Black "zano2023"]
[Result "1-0"]
[Board "98"]
[TimeControl "180+1"]
[WhiteFideId "21807558"]
[WhiteElo "2001"]
[BlackElo "2209"]
[WhiteTeam "POL"]
[WhiteClock "0:02:31"]
[BlackClock "0:02:15"]

1. e4 e5 2. Nf3 d6 3. Bc4 Be7 4. d4 exd4 5. Nxd4 Nf6 6. Nc3 c6 7. a4 O-O 8. O-O b6 9. Re1 a6 10. Bb3 Nbd7 11. Nxc6 Qe8 12. Nxe7+ Qxe7 13. Bg5 Bb7 14. Qd2 Nc5 15. Bd5 h6 16. Bxb7 Nxb7 17. Nd5 Qe6 18. Bxf6 gxf6 19. Qxh6 f5 20. Nf6+ 1-0

[Event "November 21 Late 2023"]
[Site "https://www.chess.com"]
[Date "2023.11.21"]
[Round "9"]
[White "Ivanov, Aleksandr"]
[Black "ExchangeAB"]
[Result "0-1"]
[Board "99"]
[TimeControl "180+1"]
[WhiteFideId "2092980"]
[WhiteElo "2047"]
[BlackElo "2458"]
[WhiteTeam "USA"]
[WhiteClock "0:00:02"]
[BlackClock "0:00:10"]

1. d4 d5 2. c4 c6 3. cxd5 cxd5 4. Bf4 Nf6 5. e3 Nc6 6. Nc3 Bf5 7. Qb3 Na5 8. Qa4+ Bd7 9. Qc2 Rc8 10. Bd3 Nc4 11. Nf3 e6 12. O-O b5 13. Qe2 a6 14. Rfc1 Be7 15. h3 O-O 16. a4 b4 17. Nb1 Qa5 18. b3 Nd6 19. Nbd2 Nde4 20. Bxa6 Nc3 21. Qf1 Ra8 22. Bd3 Rfc8 23. Ne5 Be8 24. Bc2 Nd7 25. Nd3 f6 26. Bg3 Bg6 27. Nb1 Rc6 28. Nf4 Bxc2 29. Rxc2 Rac8 30. Nxc3 bxc3 31. Nd3 Kf7 32. Qb1 Bb4 33. Qd1 g6 34. f3 Nb6 35. Be1 Nd7 36. Qb1 e5 37. Qa2 e4 38. fxe4 dxe4 39. Nxb4 Qxb4 40. Rac1 Nb6 41. Qa1 Nd5 42. Kf2 Qxb3 43. a5 Qb5 44. a6 Rxa6 45. Qb1 Qxb1 46. Rxb1 Rac6 47. Rb7+ R8c7 48. Rb8 Rc8 49. Rb7+ R8c7 50. Rb5 Ke6 51. g3 f5 52. h4 h6 53. Rb8 g5 54. Re8+ Re7 55. Rxe7+ Kxe7 56. hxg5 hxg5 57. g4 f4 58. exf4 gxf4 59. Ke2 Kf6 60. Bf2 Kg5 61. Rc1 f3+ 62. Kf1 Kxg4 63. Rc2 e3 64. Be1 Kf4 65. Rh2 Ke4 66. Rh4+ Kd3 67. Bg3 c2 0-1

[Event "November 21 Late 2023"]
[Site "https://www.chess.com"]
[Date "2023.11.21"]
[Round "9"]
[White "Pein, Jonathan"]
[Black "Desideri, Ricardo Maruchi"]
[Result "1-0"]
[Board "100"]
[TimeControl "180+1"]
[WhiteFideId "417092"]
[BlackFideId "2110440"]
[WhiteElo "2192"]
[BlackElo "1945"]
[WhiteTeam "ENG"]
[BlackTeam "BRA"]
[WhiteClock "0:00:04"]
[BlackClock "0:00:00"]

1. Nf3 c5 2. e3 Nf6 3. d4 b6 4. b3 e6 5. Bb2 Bb7 6. Nbd2 Be7 7. Bd3 O-O 8. O-O Na6 9. a3 Nc7 10. Qe2 a6 11. Rac1 b5 12. c4 bxc4 13. Nxc4 cxd4 14. Bxd4 d5 15. Na5 Qc8 16. Bb6 Nfe8 17. Qc2 Bd6 18. Bxh7+ Kh8 19. Bd3 Qb8 20. Nxb7 Qxb7 21. Bd4 Nb5 22. a4 Nxd4 23. Nxd4 Ba3 24. Qc6 Qa7 25. Rc2 Nd6 26. a5 Rfc8 27. Qa4 Rxc2 28. Nxc2 Bb2 29. Qh4+ Kg8 30. Nd4 g6 31. Qf6 Ne8 32. Qh4 Ng7 33. h3 Qc7 34. Nf3 e5 35. Ng5 Nh5 36. Be2 Nf6 37. Ne6 fxe6 38. Qxf6 Qf7 39. Qg5 e4 40. Bh5 Kg7 41. Bg4 Qf6 42. Qxf6+ Kxf6 43. Rb1 Bc3 44. Kf1 Bxa5 45. Ke2 Bb4 46. f3 Rc8 47. Rb2 a5 48. fxe4 dxe4 49. h4 Rc3 50. g3 Bc5 51. Kf1 Rxe3 52. Kg2 Rc3 53. Be2 e3 54. Bc4 e5 55. Kf3 Bd4 56. Ke4 Rc1 57. Re2 Rd1 58. g4 Rd2 59. g5+ Ke7 60. Re1 Rf2 61. Kd3 Kd6 62. Bg8 Kc5 63. Bh7 Rd2+ 64. Ke4 1-0

[Event "November 21 Late 2023"]
[Site "https://www.chess.com"]
[Date "2023.11.21"]
[Round "9"]
[White "Golubenko, Valentina"]
[Black "Thake, Conrad"]
[Result "0-1"]
[Board "101"]
[TimeControl "180+1"]
[WhiteFideId "4501993"]
[BlackFideId "5602947"]
[WhiteElo "2126"]
[BlackElo "1685"]
[WhiteTeam "CRO"]
[BlackTeam "MLT"]
[WhiteClock "0:00:00"]
[BlackClock "0:00:30"]

1. d4 Nf6 2. g3 d5 3. Bg2 c6 4. Nf3 e6 5. O-O Bd6 6. Nbd2 O-O 7. c4 Nbd7 8. Qc2 b6 9. e4 dxe4 10. Nxe4 Nxe4 11. Qxe4 Bb7 12. Rd1 Rb8 13. Qe2 Nf6 14. Ne5 Qc7 15. Bg5 Be7 16. Rac1 h6 17. Bf4 Qc8 18. d5 exd5 19. cxd5 c5 20. Nc6 Bxc6 21. dxc6 Re8 22. Bxb8 Bd6 23. Qxe8+ Qxe8 24. Bxd6 Qc8 25. c7 Ne8 26. Be5 Nxc7 27. Rd2 Ne6 28. Rcd1 Qa6 29. Bh3 Qc4 30. Bxe6 Qxe6 31. Rd8+ Kh7 32. Bf4 Qxa2 33. R8d7 Kg6 34. R7d6+ f6 35. Rd7 Qxb2 36. Rxa7 c4 37. Rdd7 Kf5 38. Rxg7 c3 39. Rae7 Qb1+ 40. Kg2 c2 41. g4+ Kxf4 42. Rg6 c1=Q 43. Rxf6+ Kxg4 44. Rg7+ Kh5 45. Rgg6 Qe4+ 46. f3 Qd2+ 47. Kg3 Qde1+ 48. Kg2 Q4e2+ 49. Kh3 Q1f1+ 50. Kg3 Qeg2+ 51. Kf4 Qgxf3+ 52. Ke5 Qe3+ 53. Kd6 Qfd3+ 0-1

[Event "November 21 Late 2023"]
[Site "https://www.chess.com"]
[Date "2023.11.21"]
[Round "9"]
[White "Awoki, Daniel Teidi"]
[Black "DAVIDHDZSTS"]
[Result "1-0"]
[Board "102"]
[TimeControl "180+1"]
[WhiteFideId "2100827"]
[WhiteElo "2077"]
[BlackElo "1863"]
[WhiteTeam "BRA"]
[WhiteClock "0:01:57"]
[BlackClock "0:00:58"]

1. e4 c5 2. Nf3 e6 3. d4 cxd4 4. Nxd4 a6 5. Bd3 Nc6 6. Nxc6 bxc6 7. O-O d5 8. Qe2 Nf6 9. c4 d4 10. e5 Nd7 11. Qe4 Qc7 12. Re1 Bc5 13. a3 a5 14. Nd2 Bb7 15. Nb3 Qb6 16. Nd2 Be7 17. Qg4 c5 18. f4 h5 19. Qxg7 O-O-O 20. Be4 Rdg8 21. Qxf7 Bxe4 22. Nxe4 Qd8 23. Qxe6 h4 24. b4 h3 25. g3 cxb4 26. axb4 Bxb4 27. Qa6+ Kc7 28. Bd2 Nc5 29. Nxc5 Bxc5 30. Bxa5+ Kd7 31. e6+ Ke7 32. Qb7+ Kf6 33. Qf7# 1-0

[Event "November 21 Late 2023"]
[Site "https://www.chess.com"]
[Date "2023.11.21"]
[Round "9"]
[White "Vargas, Mauricio"]
[Black "seasidesunset"]
[Result "0-1"]
[Board "103"]
[TimeControl "180+1"]
[WhiteFideId "4404572"]
[WhiteElo "1988"]
[BlackElo "2179"]
[WhiteTeam "COL"]
[WhiteClock "0:00:06"]
[BlackClock "0:00:35"]

1. e4 c5 2. Nc3 a6 3. f4 b5 4. Nf3 Bb7 5. d3 e6 6. g3 d5 7. e5 Nc6 8. Bg2 h5 9. h3 Nh6 10. O-O Qb6 11. Kh2 Nf5 12. Bd2 Be7 13. Ne2 O-O-O 14. Qe1 Rdg8 15. a4 b4 16. c3 b3 17. c4 d4 18. a5 Qc7 19. Qd1 f6 20. exf6 Bxf6 21. Qxb3 g5 22. Nxg5 h4 23. Nxe6 Qe7 24. Ng5 Qxe2 25. Ne4 hxg3+ 26. Kh1 Rxh3+ 27. Kg1 Rh2 28. Bf3 Rh1+ 29. Kxh1 Qh2# 0-1

[Event "November 21 Late 2023"]
[Site "https://www.chess.com"]
[Date "2023.11.21"]
[Round "9"]
[White "Oliveira, Tiago Batista"]
[Black "Lutz, Igor Oscar"]
[Result "1/2-1/2"]
[Board "104"]
[TimeControl "180+1"]
[WhiteFideId "2108291"]
[BlackFideId "2110806"]
[WhiteElo "1962"]
[BlackElo "1763"]
[WhiteTeam "BRA"]
[BlackTeam "BRA"]
[WhiteClock "0:00:01"]
[BlackClock "0:00:08"]

1. e4 c5 2. Nc3 Nc6 3. g3 g6 4. f4 Bg7 5. d3 d6 6. Bg2 e6 7. Nf3 Nge7 8. O-O O-O 9. Be3 Nd4 10. Qd2 Nec6 11. Rae1 Qa5 12. Nd1 Qxd2 13. Nxd2 Nxc2 14. Re2 Nxe3 15. Nxe3 Nb4 16. Ndc4 Nxd3 17. Nxd6 Nxb2 18. e5 Na4 19. Rc1 Rb8 20. Rd2 Rd8 21. Rcd1 Nc3 22. Rc1 Nd5 23. Nxd5 exd5 24. Bxd5 Be6 25. Bxe6 fxe6 26. Rxc5 b6 27. Rc7 a5 28. Rdc2 Bf8 29. Ne4 Bg7 30. a4 Rd1+ 31. Kg2 Rbd8 32. Rb7 h5 33. Rcc7 Bh8 34. Rh7 Rc1 35. Kh3 Rc4 36. Ng5 Rxa4 37. Nxe6 Rc8 38. Ng5 Ra2 39. Rxb6 Rf2 40. Ra6 Bg7 41. Rxg7+ Kxg7 42. Rxa5 Rcc2 43. g4 Rxh2+ 44. Kg3 Rcg2+ 45. Kf3 Rf2+ 46. Ke4 hxg4 47. f5 Re2+ 48. Kd5 gxf5 49. Ke6 Rd2 50. Ra7+ Kf8 51. Ra8+ Kg7 52. Ra7+ Kh8 53. Nf7+ Kg7 54. Ng5+ 1/2-1/2

[Event "November 21 Late 2023"]
[Site "https://www.chess.com"]
[Date "2023.11.21"]
[Round "9"]
[White "Broca Jimenez, Fernando"]
[Black "Sarkar, Justin"]
[Result "0-1"]
[Board "105"]
[TimeControl "180+1"]
[WhiteFideId "5104742"]
[BlackFideId "2010011"]
[WhiteElo "2062"]
[BlackElo "2138"]
[WhiteTeam "MEX"]
[BlackTeam "USA"]
[WhiteClock "0:00:00"]
[BlackClock "0:00:35"]

1. e4 e5 2. Nf3 Nc6 3. Bb5 a6 4. Ba4 Nf6 5. O-O Nxe4 6. d4 b5 7. Bb3 d5 8. dxe5 Be6 9. Nbd2 Nc5 10. c3 Bg4 11. Bc2 Qd7 12. Re1 Be7 13. h3 Bf5 14. Nd4 Nxd4 15. cxd4 Nd3 16. Re3 Nb4 17. Bxf5 Qxf5 18. Rf3 Qc2 19. Qe2 O-O 20. a3 Nc6 21. Qd3 Qd1+ 22. Kh2 f6 0-1

[Event "November 21 Late 2023"]
[Site "https://www.chess.com"]
[Date "2023.11.21"]
[Round "9"]
[White "Quirke, Jeffrey"]
[Black "Burke, Paul"]
[Result "1-0"]
[Board "106"]
[TimeControl "180+1"]
[WhiteFideId "2013029"]
[BlackFideId "2605767"]
[WhiteElo "2220"]
[BlackElo "1861"]
[WhiteTeam "USA"]
[BlackTeam "CAN"]
[WhiteClock "0:00:16"]
[BlackClock "0:00:10"]

1. e4 e5 2. Nf3 Nc6 3. Bb5 f5 4. Nc3 Nf6 5. d3 Be7 6. O-O O-O 7. exf5 d6 8. Bxc6 bxc6 9. d4 e4 10. Ng5 d5 11. Ne6 Bxe6 12. fxe6 Qd6 13. f3 Qxe6 14. fxe4 Nxe4 15. Bf4 Bd6 16. Bxd6 cxd6 17. Qd3 Rxf1+ 18. Rxf1 Rf8 19. Rxf8+ Kxf8 20. Qf3+ Kg8 21. Ne2 Nd2 22. Qd3 Ne4 23. Qe3 h6 24. c3 Qf5 25. Qf4 Qg6 26. h3 Ng5 27. Kh2 Ne4 28. Ng3 Nxg3 29. Qxg3 Kf7 30. Qxg6+ Kxg6 31. Kg3 Kf5 32. Kf3 h5 33. g4+ hxg4+ 34. hxg4+ Kg5 35. Kg3 c5 36. b3 a5 37. a3 c4 38. b4 axb4 39. axb4 Kf6 40. Kh4 g6 41. b5 Ke7 42. Kg5 Kd7 43. Kxg6 Kc7 44. Kf6 Kb6 45. g5 Kxb5 46. g6 1-0

[Event "November 21 Late 2023"]
[Site "https://www.chess.com"]
[Date "2023.11.21"]
[Round "9"]
[White "Souza, Gustavo Horokoski De"]
[Black "Golubev, Mikhail"]
[Result "0-1"]
[Board "107"]
[TimeControl "180+1"]
[WhiteFideId "2146584"]
[BlackFideId "14100983"]
[WhiteElo "1824"]
[BlackElo "2352"]
[WhiteTeam "BRA"]
[BlackTeam "UKR"]
[WhiteClock "0:00:03"]
[BlackClock "0:00:16"]

1. c4 g6 2. Nc3 Bg7 3. d4 d6 4. e4 Nc6 5. Be3 Nf6 6. Be2 e5 7. d5 Nd4 8. Bxd4 exd4 9. Qxd4 O-O 10. Nf3 Re8 11. Qd2 Nxe4 12. Nxe4 Rxe4 13. O-O Bd7 14. Bd3 Re8 15. Rfe1 Qf6 16. Rab1 Bg4 17. Ng5 Rxe1+ 18. Rxe1 Qxb2 19. Qf4 Bf6 20. Nxf7 Kxf7 21. Qxg4 Rf8 22. Qe6+ Kg7 23. f3 Qd4+ 24. Re3 Bg5 25. Kf2 Qxe3+ 26. Qxe3 Bxe3+ 27. Kxe3 g5 28. Be4 b6 29. h3 h6 30. Kd4 a6 31. Kc3 Kf6 32. a4 Ke5 33. Kb4 Kf4 34. g4 Ke3 35. a5 Rb8 36. axb6 Rxb6+ 37. Kc3 a5 38. Bc2 Kxf3 0-1

[Event "November 21 Late 2023"]
[Site "https://www.chess.com"]
[Date "2023.11.21"]
[Round "9"]
[White "katharinareinecke"]
[Black "Elbebiber"]
[Result "1-0"]
[Board "108"]
[TimeControl "180+1"]
[WhiteElo "1976"]
[BlackElo "2159"]
[WhiteClock "0:00:53"]
[BlackClock "0:00:11"]

1. d4 e6 2. c4 Nf6 3. Nf3 Bb4+ 4. Bd2 Qe7 5. g3 Nc6 6. Bg2 Bxd2+ 7. Nbxd2 d6 8. O-O a5 9. e4 e5 10. d5 Nb8 11. Qc2 Nbd7 12. b3 Nc5 13. a3 Bg4 14. Nh4 O-O 15. b4 Na6 16. h3 Bd7 17. Rfb1 g6 18. Nhf3 Nh5 19. Ne1 Ng7 20. Nd3 axb4 21. axb4 c6 22. b5 Nc5 23. Nxc5 dxc5 24. bxc6 bxc6 25. Rxa8 Rxa8 26. Rb7 Qd8 27. Qb2 f6 28. Nb3 cxd5 29. exd5 Ba4 30. Nxc5 Bd1 31. Rxg7+ Kxg7 32. Ne6+ Kh6 33. Nxd8 Rxd8 34. Qd2+ 1-0

[Event "November 21 Late 2023"]
[Site "https://www.chess.com"]
[Date "2023.11.21"]
[Round "9"]
[White "Smirnov, Timofey"]
[Black "Kniazev, Igor"]
[Result "0-1"]
[Board "109"]
[TimeControl "180+1"]
[WhiteFideId "24176427"]
[BlackFideId "4136349"]
[WhiteElo "2245"]
[BlackElo "1862"]
[WhiteTeam "RUS"]
[BlackTeam "RUS"]
[WhiteClock "0:00:49"]
[BlackClock "0:00:58"]

1. d4 Nf6 2. Bf4 c5 3. e3 Qb6 4. Nc3 Qxb2 5. Nb5 Na6 6. Rb1 Qxa2 7. Ra1 Qb2 8. Rxa6 bxa6 9. Nc7+ Kd8 10. Nxa8 Nd5 11. Bg3 d6 12. Bc4 Qb4+ 13. Qd2 Qxc4 14. Qa5+ Kd7 15. e4 Qc3+ 16. Qxc3 Nxc3 17. dxc5 Nxe4 18. cxd6 exd6 19. Bf4 Bb7 20. f3 Nf6 21. Ne2 Be7 22. O-O Rxa8 23. Nd4 Rc8 24. Nf5 Nd5 25. Nxe7 Kxe7 26. Bg3 Rxc2 27. Re1+ Kd7 28. Rd1 a5 29. Ra1 Rc5 30. Ra4 Nc3 31. Rf4 Ne2+ 0-1